 Dungeon Crawl Stone Soup version 0.18-a0-1211-g828307d (webtiles) character file.

301 namelastname112 the Skirmisher (level 6, -3/49 HPs)
             Began as a Formicid Chaos Knight on Feb 2, 2016.
             Slain by a gnoll (10 damage)
             ... on level 4 of the Dungeon.
             The game lasted 00:04:34 (3170 turns).

namelastname112 the Skirmisher (FoCK)               Turns: 3170, Time: 00:04:35

Health: -3/49      AC:  5    Str: 18 (19) XL:     6   Next: 64%
Magic:  6/6        EV: 12    Int: 11      God:    Xom [...*..]
Gold:   145        SH:  0    Dex: 10      Spells: 0 memorised, 5 levels left

rFire  . . .     SeeInvis +     a - +0 hand axe (chaos)
rCold  . . .     Gourm    .     b - +2 leather armour
rNeg   . . .     Faith    .     (no shield)
rPois  .         Spirit   .     (helmet unavailable)
rElec  .         Dismiss  .     (no cloak)
rCorr  .         Reflect  .     (no gloves)
SustAt .         Harm     .     (no boots)
MR     .....                    (no amulet)
Stlth  +.........               (no ring)
                                (no ring)

@: flying, not resistant to hostile enchantments, very unstealthy
A: permanent stasis, dig shafts and tunnels, four strong arms, antennae 3
a: Dig, Shaft Self, Renounce Religion


You were on level 4 of the Dungeon.
You worshipped Xom.
You were a favourite toy of Xom.
You were hungry.

You visited 1 branch of the dungeon, and saw 4 of its levels.
You also visited: Sewer.

You collected 145 gold pieces.

Inventory:

Hand Weapons
 a - a +0 hand axe of chaos (weapon)
Missiles
 j - 7 javelins (quivered)
Armour
 b - a +2 leather armour (worn)
Wands
 i - a wand of flame (20/48)
Scrolls
 d - 2 scrolls of teleportation {unknown}
 g - a scroll of enchant armour {unknown}
 h - a scroll of amnesia {unknown}
 o - 2 scrolls of remove curse {unknown}
 p - a scroll of enchant weapon {unknown}
 q - a scroll of noise {unknown}
 t - a scroll of identify {unknown}
Potions
 e - a potion of ambrosia {unknown}
 k - 2 potions of flight
 l - a potion of curing {unknown}
 m - a potion of heal wounds {unknown}
 s - a potion of cure mutation {unknown}
Comestibles
 c - 3 bread rations
 f - a beef jerky
 n - 4 fruits
 r - 3 meat rations


   Skills:
 + Level 4.4 Fighting
 * Level 4.4 Axes
 + Level 1.1 Throwing
 + Level 3.8 Armour
 + Level 2.7 Dodging


You had 5 spell levels left.
You didn't know any spells.

Dungeon Overview and Level Annotations

Branches:
Dungeon (4/15)
 Temple: D:4-7

Altars:


Innate Abilities, Weirdness & Mutations

You are under a permanent stasis effect.
You can dig through walls and to a lower floor.
Your four strong arms can wield two-handed weapons with a shield.
You have a pair of large antennae on your head (SInv).


Message History

The gnoll hits you! The gnoll hits you with a spear.
* * * LOW HITPOINT WARNING * * *
Unknown command.
You hit the ogre.
The ogre is heavily wounded.
You hit the gnoll but do no damage.
The gnoll is severely wounded.
You hit the gnoll.
You kill the gnoll!
The gnoll hits you!
* * * LOW HITPOINT WARNING * * *
Your gnoll hits the ogre with a club. The ogre barely misses your gnoll.
Unknown command.
Drink which item? (? for menu, Esc to quit)
It was a potion of flight.
You feel very buoyant.
You fly up into the air.
Xom roars with laughter!
The gnoll misses you. The gnoll hits you!
You die...

........... ####...###
........... .........#
.....#..... .........#
........... .........#
..........# .........#
..........#
.....!§§.####..#.###..##
..%...g§§§##..##.# #..##
......g@§.#..###.###...#
.....§§O§†....##.#...#..
....>..§§#.....(...####.
....?.......##.....####.
##...........#####......
#.####.......# #.......
#. #.......# #.##.... #
#.......# #. ....
##....... .. ....


You could see an ogre, a gnoll (berserk) and a friendly gnoll.

Vanquished Creatures
  The ghost of Voda the Shooter, an amateur OpHu (D:3)
  A big kobold (Sewer)
  A scorpion (D:3)
  2 gnolls (D:4)
  2 adders (D:3)
  An ooze (D:2)
  A worm (D:3)
  3 giant geckos
  3 bats
  4 giant cockroaches
  11 goblins
  8 hobgoblins
  A hobgoblin (shapeshifter) (D:2)
  2 jackals (Sewer)
  2 quokkas
  A giant gecko skeleton (D:4)
  A giant newt (D:3)
  18 kobolds
  6 rats
69 creatures vanquished.

Vanquished Creatures (collateral kills)
  A giant gecko (D:3)
1 creature vanquished.

Grand Total: 70 creatures vanquished

Notes
Turn   | Place    | Note
--------------------------------------------------------------
     0 | D:1      | namelastname112 the Formicid Chaos Knight began the quest for the Orb.
     0 | D:1      | Reached XP level 1. HP: 18/18 MP: 1/1
   126 | D:1      | Reached skill level 1 in Dodging
   172 | D:1      | Reached XP level 2. HP: 22/24 MP: 2/2
   427 | D:1      | XOM: harmless Pois miscast
   462 | D:1      | XOM: harmless Hex miscast
   776 | D:2      | XOM: stat loss: -1 Str (15/16)
   782 | D:2      | Reached XP level 3. HP: 24/29 MP: 3/3
   795 | D:2      | XOM: cast spell 'Confusing Touch'
   833 | D:2      | XOM: polymorph hobgoblin -> river rat
  1197 | D:2      | XOM: noise
  1256 | D:2      | XOM: mild Divn miscast
  1457 | D:2      | Reached XP level 4. HP: 37/37 MP: 4/4
  1505 | D:3      | Noticed Voda's ghost (amateur OpHu)
  1505 | D:3      | XOM: harmless Ice miscast
  1515 | D:3      | Killed Voda's ghost
  1515 | D:3      | Reached skill level 4 in Fighting
  1515 | D:3      | Reached XP level 5. HP: 18/42 MP: 5/5
  1561 | D:3      | XOM: mild Hex miscast
  1690 | D:3      | XOM: summons 4 hostile shadow creatures
  1785 | D:3      | Reached XP level 6. HP: 18/48 MP: 6/6
  1850 | D:3      | Found a glowing drain.
  1857 | Sewer    | Entered a sewer
  1926 | Sewer    | Reached skill level 1 in Throwing
  2093 | Sewer    | Found a white marble altar of Elyvilon.
  2411 | D:3      | XOM: medium Ice miscast
  2439 | D:3      | XOM: stat loss: -1 Str (18/19)
  2506 | D:3      | XOM: god gift: 21 stones
  2852 | D:3      | XOM: mild Hex miscast
  3159 | D:4      | XOM: enchant monster (good)
  3160 | D:4      | Noticed an ogre
  3166 | D:4      | XOM: fog
  3170 | D:4      | Slain by a gnoll

Vault maps used:
D:1:      wheals_arrival_shading, minmay_hedge_maze
D:3:      lightli_sewer_entry_pipes, minmay_misc_feat_nine_boxes, minivault_14,
          minmay_item_behind_shaft
D:4:      tgw_xom, first_bread, grunt_ministairs_3
Sewer:    sewer_kobolds

Action                   |  1- 3 |  4- 6 || total
-------------------------+-------+-------++-------
Melee: Hand axe          |   102 |   136 ||   238
  Use: Potion            |       |     1 ||     1
 Stab: Sleeping          |     1 |       ||     1
       Distracted        |       |     1 ||     1
  Eat: Chunk             |     1 |     6 ||     7
